 Dungeon Crawl Stone Soup version 0.22-a0-247-gbddf880 (webtiles) character file.

553 Amnesiac the Geomancer (level 7, -2/55 HPs)
             Began as a Deep Dwarf Earth Elementalist on Feb 25, 2018.
             Was an Initiate of Gozag.
             Killed by divine providence
             ... invoked by an orc priest
              (14 damage)
             ... on level 3 of the Dungeon on Feb 26, 2018.
             The game lasted 00:07:42 (3625 turns).

Amnesiac the Geomancer (DDEE)                       Turns: 3625, Time: 00:07:42

Health: -2/55      AC:  5    Str: 11    XL:     7   Next: 8%
Magic:  12/12      EV: 12    Int: 20    God:    Gozag
Gold:   311        SH:  0    Dex: 11    Spells: 7/13 levels left

rFire    . . .     SeeInvis +   a - +2 mace (venom)
rCold    . . .     Gourm    .   (no shield)
rNeg     . . .     Faith    .   c - +0 robe
rPois    .         Spirit   .   (no helmet)
rElec    .         Reflect  .   (no cloak)
rCorr    .         Harm     .   (no gloves)
MR       +....                  (no boots)
Stlth    ++........             (no amulet)
HPRegen  0.00/turn              d - +3 ring of protection
MPRegen  0.13/turn              (no ring)

@: non-regenerating
A: damage resistance, heal wounds, see invisible, clever 1, clumsy 1, sense
surroundings 1, no regeneration
a: Heal Wounds, Potion Petition, Call Merchant, Bribe Branch, Renounce Religion


You were on level 3 of the Dungeon.
You worshipped Gozag.
Gozag was aware of your devotion.
You were not hungry.

You visited 2 branches of the dungeon, and saw 5 of its levels.
You also visited: Ossuary.

You collected 347 gold pieces.
You paid 36 gold pieces to Gozag.

Inventory:

Hand Weapons
 a - a +2 mace of venom (weapon)
Missiles
 i - 47 stones (quivered)
Armour
 c - a +0 robe (worn)
Jewellery
 d - a +3 ring of protection (left hand)
 o - an uncursed ring of teleportation
Scrolls
 e - 3 scrolls of teleportation {!r}
 f - 2 scrolls of enchant weapon {!r}
 g - a scroll of remove curse {!r}
 k - a scroll of enchant armour {!r}
Potions
 b - a potion of lignification {!q}
 h - a potion of invisibility {!q}
 l - a potion of flight {!q}
 m - a potion of mutation {!q}
 n - a potion of curing {!q}


   Skills:
 - Level 2.1 Dodging
 - Level 2.4 Stealth
 + Level 3.9 Spellcasting
 - Level 0.8 Transmutations
 * Level 9.1 Earth Magic


You had 7 spell levels left.
You knew the following spells:

 Your Spells              Type           Power        Failure   Level  Hunger
a - Stone Arrow           Conj/Erth      ###...       6%          3    ###....
b - Passwall              Tmut/Erth      ###.......   2%          2    ##.....
c - Sandblast             Erth           #####.       1%          1    None


Dungeon Overview and Level Annotations

Branches:
Dungeon (4/15)             Temple (1/1) D:4

Altars:
Ashenzari
Cheibriados
Dithmenos
Elyvilon
Fedhas
Gozag
Hepliaklqana
Kikubaaqudgha
Makhleb
Okawaru
Ru
Sif Muna
Trog
Uskayaw
Vehumet
Wu Jian
Xom
Zin
The Shining One


Innate Abilities, Weirdness & Mutations

You are resistant to damage.
You can heal yourself by infusing magical energy.
You passively map a small area around you.
You do not regenerate.
You have supernaturally acute eyesight. (SInv)
Your mind is acute. (Int +2)
You are clumsy. (Dex -2)


Message History

The adder is almost dead.
The adder barely misses you. The adder bites you.
* * * LOW HITPOINT WARNING * * *
You hit the adder.
You kill the adder!
You now have 275 gold pieces (gained 8).
You now have 279 gold pieces (gained 4).
A frilled lizard comes into view.
A frilled lizard is nearby!
A frilled lizard is nearby!
The frilled lizard hisses angrily.
You hit the frilled lizard.
You kill the frilled lizard!
You now have 285 gold pieces (gained 6).
A worm comes into view.
A worm is nearby!
A worm is nearby!
Casting: Stone Arrow (safe; 6% risk of failure)
Confirm with . or Enter, or press ? or * to list all spells.
Aiming: Stone Arrow (safe; 6% risk of failure)
Press: ? - help, Shift-Dir - straight line, f - worm
Aim: a worm The stone arrow hits the worm.
The worm is severely wounded.
Unknown command.
Casting: Stone Arrow (safe; 6% risk of failure)
Confirm with . or Enter, or press ? or * to list all spells.
Aiming: Stone Arrow (safe; 6% risk of failure)
Press: ? - help, Shift-Dir - straight line, f/p - worm
Aim: a worm (severely wounded)
The stone arrow hits the worm.
You kill the worm!
Unknown command.
You are feeling hungry.
You now have 291 gold pieces (gained 6).
Found a stone staircase leading up.
Found a falchion.
You aren't carrying any food.
Magic restored.
Found a shadowy altar of Dithmenos.
Found a sacrificial altar of Ru.
g - a scroll of remove curse {!r} You now have 295 gold pieces (gained 4).
j - a ration You eat the ration.
That ration really hit the spot!
A bat comes into view.
A bat is nearby!
A bat is nearby!
You are too injured to fight recklessly!
You are too injured to fight recklessly!
The bat hits you. The bat misses you.
You hit the bat.
You kill the bat!
You now have 301 gold pieces (gained 6).
e - 3 scrolls of teleportation {!r} (gained 1)
You now have 311 gold pieces (gained 10).
Key pressed, stopping explore.
Found a leather armour.
You see here a leather armour.
An orc priest comes into view. It is wielding a dagger.
The orc priest invokes the aid of Beogh against you.
Beogh smites you!
You die...
Your body crumbles into a pile of gold.

, ,, , * * * , , ,,,,, ,
, * * ***#### , , ,, , ,
,... , #. #. #.
*,#.#.#########.#
#.##.### $
..o....?................
, , #@# #..#..#.### *
#.# #..#..#.#
#.######..#..#.# * *
#............#.### *
#.###...........)#..). *
#....[...........#.###
######................
#................ , ,
#................


You could see an orc priest.

Vanquished Creatures
  A phantom (D:4)
  An ogre (D:4)
  A howler monkey (D:4)
  A human zombie (Ossuary)
  A centaur zombie (Ossuary)
  An orc priest (D:4)
  An orc wizard (D:4)
  An iguana (D:4)
  A worker ant (D:4)
  A big kobold zombie (Ossuary)
  2 mummies (Ossuary)
  5 adders
  3 worms
  2 dart slugs
  4 leopard geckos
  3 orcs (D:4)
  A giant cockroach (D:2)
  2 goblins
  5 hobgoblins
  2 quokkas
  8 bats
  5 frilled lizards
  5 goblin zombies (Ossuary)
  8 hobgoblin zombies (Ossuary)
  A jackal zombie (Ossuary)
  3 kobolds
  7 kobold zombies (Ossuary)
  11 orc zombies (Ossuary)
  8 rats
  2 rat zombies (Ossuary)
97 creatures vanquished.

Notes
Turn   | Place    | Note
-------+----------+-------------------------------------------
     0 | D:1      | Amnesiac the Deep Dwarf Earth Elementalist began the quest for the Orb.
     0 | D:1      | Reached XP level 1. HP: 15/15 MP: 3/3
   258 | D:3      | Reached XP level 2. HP: 10/22 MP: 0/5
   370 | D:4      | Noticed a howler monkey
   370 | D:4      | Gained mutation: You have supernaturally acute eyesight. (SInv) [potion of mutation]
   370 | D:4      | Gained mutation: You are clumsy. (Dex -2) [potion of mutation]
   370 | D:4      | Gained mutation: Your mind is acute. (Int +2) [potion of mutation]
   374 | D:4      | Reached skill level 5 in Earth Magic
   374 | D:4      | Reached XP level 3. HP: 13/28 MP: 2/6
   376 | D:4      | Reached XP level 4. HP: 12/36 MP: 0/7
   389 | D:3      | Reached skill level 6 in Earth Magic
   476 | D:4      | Found a sand-covered staircase.
   514 | D:4      | Noticed a phantom
   541 | Ossuary  | Entered an ossuary
   734 | Ossuary  | Reached XP level 5. HP: 27/42 MP: 9/9
   821 | Ossuary  | Learned a level 2 spell: Passwall
   825 | Ossuary  | Learned a level 3 spell: Stone Arrow
   827 | Ossuary  | Reached skill level 7 in Earth Magic
  1125 | D:4      | Reached XP level 6. HP: 15/49 MP: 6/10
  1132 | D:4      | Reached skill level 8 in Earth Magic
  1386 | D:4      | Found a staircase to the Ecumenical Temple.
  1394 | Temple   | Entered the Ecumenical Temple
  1520 | Temple   | Became a worshipper of Gozag Ym Sagoz the Greedy
  2695 | D:2      | Reached XP level 7. HP: 26/55 MP: 8/12
  2965 | D:2      | Reached skill level 9 in Earth Magic
  3416 | D:3      | Found a shadowy altar of Dithmenos.
  3417 | D:3      | Found a sacrificial altar of Ru.
  3625 | D:3      | Killed from afar by an orc priest

Vault maps used:
D:1:      dpeg_arrival_ratfight
D:3:      nicolae_overflow_hidden_temple, first_ration
D:4:      minmay_temple_entry_junction_2, nicolae_ossuary_entry_plus, tso_altar,
          uniq_pikel
Temple:   hc_temple_tempest_star
Ossuary:  ossuary_tomb_1

Skill      XL: |  1  2  3  4  5  6  7 |
---------------+----------------------+-----
Spellcasting   | 2 3 |  3.9
Earth Magic    | 5 6 7 8 9 |  9.1
Dodging        | |  2.1
Stealth        | |  2.4
Transmutations | |  0.8

Action                   |  1- 3 |  4- 6 |  7- 9 || total
-------------------------+-------+-------+-------++-------
Melee: Mace              |       |   172 |    24 ||   196
 Cast: Sandblast         |    15 |    15 |       ||    30
       Stone Arrow       |       |    20 |     9 ||    29
 Abil: Heal Wounds       |       |     2 |       ||     2
  Use: Potion            |     2 |     2 |       ||     4
       Scroll            |       |     4 |     3 ||     7
 Stab: Distracted        |       |     1 |       ||     1
       Sleeping          |       |     7 |     2 ||     9
  Eat: Ration            |       |     3 |     1 ||     4
Armor: Robe              |       |    40 |    11 ||    51
Dodge: Dodged            |     2 |   137 |    14 ||   153

Table legend:
 A = Spawn XP
 B = Non-spawn XP
 C = Spawn XP percentage of total XP
 D = Spawn monster count
 E = Non-spawn monster count
 F = Spawn count percentage of total count
 G = Total turns spent on level
                    A         B        C        D         E        F      G
               +---------+---------+-------+---------+---------+-------+---------
         Total |       0 |     791 |   0.0 |       0 |      97 |   0.0 |  3625
               +---------+---------+-------+---------+---------+-------+---------
           D:1 |       0 |      22 |   0.0 |       0 |      13 |   0.0 |   776
           D:2 |       0 |      61 |   0.0 |       0 |      20 |   0.0 |  1139
           D:3 |       0 |      52 |   0.0 |       0 |      14 |   0.0 |   549
           D:4 |       0 |     474 |   0.0 |       0 |      11 |   0.0 |   435
       Ossuary |       0 |     182 |   0.0 |       0 |      39 |   0.0 |   579
               +---------+---------+-------+---------+---------+-------+---------
